 Dungeon Crawl Stone Soup version 0.30-a0-946-gec5dcfc036 (webtiles) character file.

Game seed: 7958235768286496805

2716 HoaS the Skirmisher (level 9, -3/61 HPs)
             Began as a Formicid Hunter on Mar 26, 2023.
             Was an Elder of Zin.
             Slain by a killer bee (7 damage)
             ... on level 7 of the Dungeon.
             The game lasted 00:14:36 (5895 turns).

HoaS the Skirmisher (Formicid Hunter)               Turns: 5895, Time: 00:14:37

Health: -3/61      AC:  7    Str: 15    XL:     9   Next: 98%
Magic:  12/12      EV: 11    Int: 10    God:    Zin [****..]
Gold:   442        SH: 12    Dex: 21    Spells: 8/8 levels left

rFire   . . .      SeeInvis +    a - +2 shortbow
rCold   . . .      Faith    .    e - +1 kite shield {rPois}
rNeg    . . .      Spirit   .    c - +0 leather armour
rPois   +          Reflect  .    (helmet unavailable)
rElec   .          Rampage  .    o - +2 cloak {rPois}
rCorr   .                        l - +0 pair of gloves
Will    .....                    (no boots)
Stlth   ++                       (no amulet)
HPRegen 0.30/turn                (no ring)
MPRegen 0.13/turn                (no ring)

@: no status effects
A: permanent stasis, dig shafts and tunnels, antennae 3, four strong arms
a: Dig, Shaft Self, Renounce Religion, Recite, Vitalisation, Imprison, Donate
Gold


You were on level 7 of the Dungeon.
You worshipped Zin.
Zin was greatly pleased with you.
You visited 2 branches of the dungeon, and saw 8 of its levels.

You collected 491 gold pieces.
You donated 49 gold pieces to Zin.

Inventory:

Hand Weapons
 a - a +2 shortbow (weapon)
Armour
 c - a +0 leather armour (worn)
 e - a +1 kite shield of poison resistance (worn)
 l - a +0 pair of gloves (worn)
 o - a +2 cloak of poison resistance (worn)
Scrolls
 b - a scroll of immolation
 d - a scroll of fog
 m - 2 scrolls of fear
Potions
 f - a potion of flight {unknown}
 h - 2 potions of ambrosia {unknown}
 j - a potion of attraction {unknown}
 k - 2 potions of cancellation {unknown}


   Skills:
 - Level 2.1 Fighting
 * Level 12.2 Ranged Weapons
 - Level 1.7 Dodging
 - Level 1.2 Stealth
 + Level 4.5 Shields
 - Level 5.0 Invocations


You had 8 spell levels left.
You didn't know any spells.
Your spell library was empty.

Dungeon Overview and Level Annotations

Branches:
Dungeon (7/15)             Temple (1/1) D:4

Altars:
Ashenzari
Cheibriados
Dithmenos
Elyvilon
Fedhas
Gozag
Hepliaklqana
Kikubaaqudgha
Nemelex Xobeh
Okawaru
Qazlal
Ru
Sif Muna
Trog
Uskayaw
Wu Jian
Xom
Yredelemnul
Zin
The Shining One


Innate Abilities, Weirdness & Mutations

You cannot be hasted, slowed, berserked, paralysed or teleported.
You can dig through walls and to a lower floor.
You have a pair of large antennae on your head. (SInv)
Your four strong arms can wield two-handed weapons with a shield.


Message History

The killer bee barely misses you. The killer bee stings you.
You block the killer bee's attack. The killer bee stings you!
* * * LOW HITPOINT WARNING * * *
You shoot an arrow.
The arrow closely misses the killer bee.
The killer bee completely misses you. You block the killer bee's attack. x2
The killer bee barely misses you. The killer bee stings you.
* * * LOW HITPOINT WARNING * * *
The killer bee stings you.
* * * LOW HITPOINT WARNING * * *
You feel better. You block the killer bee's attack. x2
The killer bee stings you but does no damage.
You block the killer bee's attack.
You shoot an arrow. The arrow misses the killer bee.
You block the killer bee's attack. x2; The killer bee stings you.
* * * LOW HITPOINT WARNING * * *
You are poisoned.
The killer bee poisons you! The killer bee stings you.
* * * LOW HITPOINT WARNING * * *
You shoot an arrow.
The arrow completely misses the killer bee.
You feel sick.
The killer bee stings you but does no damage.
The killer bee barely misses you. You block the killer bee's attack. x2
You feel better. You block the killer bee's attack. x3
The killer bee misses you.
You shoot an arrow. The arrow hits the killer bee!
You kill the killer bee!
The killer bee stings you!
* * * LOW HITPOINT WARNING * * *
You block the killer bee's attack.
Okay, then.
You shoot an arrow. The arrow hits the killer bee!
The killer bee is heavily wounded.
You block the killer bee's attack. The killer bee stings you.
* * * LOW HITPOINT WARNING * * *
You shoot an arrow. The arrow hits the killer bee.
The killer bee is severely wounded.
The killer bee barely misses you. The killer bee stings you!
You die...

#####.###. #...<.......#.##.
.......... #.............##.
#.....#.###........#######.
+.....+............'.......
##.!.).#.###........########
..................###
##.....#...######.#
#########†## #)####### #y@##
#)....... ###..####).......
#........).......
#...........###..
#...........# .
..............#
...............#
.................
.................#


You could see a killer bee.

Vanquished Creatures
  Pikel (D:7)
  2 black bears
  4 sky beasts
  3 orc warriors (D:6)
  A centaur (D:6)
  An ogre (D:4)
  A lemure (D:7)
  4 kobold brigands
  A bullfrog (D:6)
  2 killer bees (D:7)
  A jelly (D:4)
  9 hounds
  2 orc priests
  2 gnoll boudas (D:6)
  4 iguanas
  2 orc wizards
  6 gnolls
  11 adders
  A white imp (D:6)
  An ufetubus (D:5)
  A worm (D:3)
  16 orcs
  6 ball pythons
  12 endoplasms
  11 giant cockroaches
  7 goblins
  12 hobgoblins
  3 jackals (D:3)
  3 quokkas
  3 bats
  4 frilled lizards
  21 kobolds
  3 rats
161 creatures vanquished.

Vanquished Creatures (others)
  39 plants (D:6)
39 creatures vanquished.

Grand Total: 200 creatures vanquished

Notes
Turn   | Place    | Note
-------+----------+-------------------------------------------
     0 | D:1      | HoaS the Formicid Hunter began the quest for the Orb.
     0 | D:1      | Reached XP level 1. HP: 16/16 MP: 1/1
   135 | D:1      | You fall into a shaft and drop 1 floor!
   138 | D:2      | Identified the +2 quarterstaff "Conservator" {pain, Dex+3}
   199 | D:1      | Reached XP level 2. HP: 21/22 MP: 2/2
   626 | D:1      | Reached XP level 3. HP: 27/27 MP: 3/3
  1126 | D:2      | Reached skill level 5 in Ranged Weapons
  1314 | D:2      | Reached XP level 4. HP: 25/33 MP: 4/4
  1907 | D:3      | Found an opulent altar of Gozag.
  1909 | D:3      | Reached XP level 5. HP: 38/38 MP: 5/5
  1930 | D:3      | Reached skill level 6 in Ranged Weapons
  2100 | D:3      | Noticed a sky beast
  2195 | D:3      | Found a glowing golden altar of the Shining One.
  2393 | D:4      | Reached XP level 6. HP: 37/44 MP: 6/6
  2414 | D:4      | Reached skill level 7 in Ranged Weapons
  2436 | D:4      | Found a staircase to the Ecumenical Temple.
  2466 | Temple   | Entered the Ecumenical Temple
  2659 | Temple   | Became a worshipper of Zin the Law-Giver
  2659 | Temple   | Reached * piety under Zin
  2759 | D:3      | Killed a sky beast
  2760 | D:3      | Reached skill level 1 in Invocations
  2999 | D:4      | Reached XP level 7. HP: 50/50 MP: 8/8
  3295 | D:4      | Reached skill level 8 in Ranged Weapons
  3642 | D:4      | Reached ** piety under Zin
  3706 | D:5      | Entered Level 5 of the Dungeon
  3829 | D:5      | Noticed a two-headed ogre
  3988 | D:6      | Reached XP level 8. HP: 46/56 MP: 10/10
  4138 | D:6      | Reached skill level 9 in Ranged Weapons
  4321 | D:6      | Reached *** piety under Zin
  4643 | D:6      | Found a bloodstained altar of Trog.
  4643 | D:6      | Found an iron altar of Okawaru.
  4648 | D:6      | Reached skill level 5 in Invocations
  4897 | D:6      | Reached skill level 10 in Ranged Weapons
  5006 | D:6      | Reached XP level 9. HP: 22/61 MP: 12/12
  5238 | D:6      | Reached **** piety under Zin
  5256 | D:6      | Reached skill level 11 in Ranged Weapons
  5587 | D:7      | Reached skill level 1 in Shields
  5638 | D:7      | Noticed Pikel
  5660 | D:7      | HP: 2/61 [Pikel/+2 whip of electrocution (19)]
  5670 | D:7      | Killed Pikel
  5671 | D:7      | Reached skill level 12 in Ranged Weapons
  5895 | D:7      | Slain by a killer bee

Illustrated notes

Levels and vault maps discovered:
D:1:      dpeg_arrival_long_road, layout_loops_ring, minmay_distorted
D:2:      layout_loops_ring, grunt_decor_cap
D:3:      minmay_roachtagon, layout_rooms, tso_altar,
          nicolae_gozag_seed_capital, kennysheep_generic_room_4
D:4:      minmay_razor_zed, layout_loops_ring, temple_pool_b, minivault_26
D:5:      layout_loops_ring, bloody_makhleb, serial_shops,
          nicolae_shop_window_shopping, uniq_duvessa
D:6:      kennysheep_housing_project, layout_loops_ring,
          grunt_temple_overflow_bloody_war
D:7:      layout_basic, nicolae_shop_gadgets, uniq_pikel
Temple:   eino_temple_rhombus

Skill      XL: |  1  2  3  4  5  6  7  8  9 |
---------------+----------------------------+-----
Ranged Weapons | 5 6 7 8 10 12 | 12.2
Invocations    | 1 3 5 |  5.0
Shields        | 4 |  4.5
Fighting       | |  2.1
Dodging        | |  1.7
Stealth        | |  1.2

Action                     |  1- 3 |  4- 6 |  7- 9 || total
---------------------------+-------+-------+-------++-------
   Fire: Shortbow          |    58 |   113 |   356 ||   527
 Invoke: Recite            |       |       |     1 ||     1
         Vitalisation      |       |       |     1 ||     1
Ability: Dig               |       |       |     2 ||     2
    Use: Scroll            |     8 |     4 |     4 ||    16
         Potion            |       |       |     5 ||     5
 Armour: Leather armour    |     9 |    10 |    59 ||    78
  Dodge: Dodged            |    15 |    26 |   119 ||   160
  Block: Kite shield       |       |       |    49 ||    49

Table legend: (Time is in decaauts)
 A = Elapsed time spent in this place.
 B = Non-inter-level travel time spent in this place.
 C = Inter-level travel time spent in this place.
 D = Time resting spent in this place.
 E = Time spent auto-exploring this place.
 F = Levels seen in this place.
 G = Mean time per level.
                   A        B        C        D        E       F      G
               +--------+--------+--------+--------+--------+-----+--------+
         Total |   5968 |   5675 |    293 |   1333 |   3173 |   8 |  746.0 |
       Dungeon |   5764 |   5495 |    269 |   1333 |   3007 |   7 |  823.4 |
        Temple |    203 |    179 |     24 |      0 |    166 |   1 |  203.0 |
               +--------+--------+--------+--------+--------+-----+--------+

Top non-repeatable levels by time:
     D:6: 1740 daAuts
     D:4: 1107 daAuts
     D:1: 872 daAuts
     D:2: 809 daAuts
     D:3: 766 daAuts
     D:7: 312 daAuts
  Temple: 203 daAuts
     D:5: 155 daAuts
